[Event "Titled Tuesday Blitz February 28 Early 2023"]
[White "Zemlyanskii, Ivan"]
[Black "Ilinca Ilinca, Felix Antonio"]
[WhiteFideId "24249971"]
[BlackFideId "54764998"]
[WhiteElo "2233"]
[BlackElo "2031"]
[Result "0-1"]
[Round "08"]
[TimeControl "180+2"]
[Date "2023.02.28"]
[WhiteClock "0:00:03"]
[BlackClock "0:00:19"]

1. d4 d5 2. c4 e6 3. Nc3 Bb4 4. Bf4 Nf6 5. Qa4+ Nc6 6. e3 O-O 7. Nf3 a6 8. Qc2 dxc4 9. Bxc4 b5 10. Be2 Bb7 11. O-O Bd6 12. Bg5 h6 13. Bxf6 Qxf6 14. Rac1 Rac8 15. Ne4 Qe7 16. Nc5 Bxc5 17. Qxc5 Qxc5 18. Rxc5 Rfd8 19. Rfc1 Nb4 20. a3 Nd5 21. Ne5 f6 22. Nc6 Rd7 23. Bg4 Kf7 24. h4 g6 25. Na5 Ba8 26. Bf3 Ke7 27. Nc6+ Bxc6 28. Rxc6 Rd6 29. R6c5 Kd7 30. g3 h5 31. Kg2 c6 32. Be4 f5 33. Bd3 Nf6 34. a4 Rb8 35. axb5 axb5 36. Ra1 Kc7 37. Kf3 Nd7 38. Rc3 e5 39. Rac1 e4+ 40. Bxe4 fxe4+ 41. Kxe4 Nf6+ 42. Kf3 Nd5 43. R3c2 Rf8+ 44. Kg2 Nb4 45. Rd2 Ra8 46. Rc5 Nd5 47. e4 Nb6 48. b3 Ra3 49. d5 Rxb3 50. Rdc2 Nc4 51. dxc6 Rxc6 52. Rxc6+ Kxc6 53. Ra2 Ra3 54. Re2 Kd6 55. e5+ Nxe5 56. Rd2+ Rd3 57. Rb2 Rd5 0-1


[Site "https://www.chess.com"]

[Event "Titled Tuesday Blitz February 28 Early 2023"]
[White "Lagno, Kateryna"]
[Black "Aggelis, Nikolaos"]
[WhiteFideId "14109336"]
[BlackFideId "4213220"]
[WhiteElo "2508"]
[BlackElo "2189"]
[Result "1-0"]
[Round "08"]
[TimeControl "180+2"]
[Date "2023.02.28"]
[WhiteClock "0:02:06"]
[BlackClock "0:02:10"]

1. e4 c6 2. d4 d5 3. e5 c5 4. Nf3 cxd4 5. Nxd4 Nc6 6. Nxc6 bxc6 7. Bd3 Ba6 8. e6 Bxd3 9. exf7+ Kxf7 10. cxd3 e5 11. Qh5+ g6 12. Qxe5 Bg7 13. Qf4+ Nf6 14. O-O Rf8 15. Qh4 Kg8 16. Nc3 Qd6 17. Bh6 Nh5 18. Bxg7 Kxg7 19. Rfe1 Rf7 20. Qd4+ Kg8 21. Ne4 Qf4 22. g3 Qg5 23. Nxg5 1-0


[Site "https://www.chess.com"]

[Event "Titled Tuesday Blitz February 28 Early 2023"]
[White "Yuan, Qingyu"]
[Black "Domingo Nunez, Alejandro"]
[WhiteFideId "8609772"]
[BlackFideId "22245561"]
[WhiteElo "2359"]
[BlackElo "2230"]
[Result "1/2-1/2"]
[Round "08"]
[TimeControl "180+2"]
[Date "2023.02.28"]
[WhiteClock "0:00:05"]
[BlackClock "0:00:33"]

1. e4 g6 2. d4 Bg7 3. Nc3 c6 4. f4 d5 5. e5 f6 6. Nf3 Nh6 7. Bd3 Bg4 8. h3 Bxf3 9. Qxf3 O-O 10. Qg3 fxe5 11. fxe5 c5 12. dxc5 Nc6 13. Bf4 e6 14. O-O-O Nf5 15. Qe1 Nh4 16. g3 Ng2 17. Qd2 Nxf4 18. gxf4 Bh6 19. Rdf1 Qh4 20. Kb1 Bxf4 21. Qg2 Nxe5 22. Be2 Qg3 23. Rhg1 Qxg2 24. Rxg2 Be3 25. b4 Rxf1+ 26. Bxf1 Nf3 27. Be2 Nd4 28. Nb5 Nxb5 29. Bxb5 Bd4 30. Rg3 Rf8 31. c3 Bf2 32. Rd3 a6 33. Bd7 Kf7 34. Rf3+ Ke7 35. Rxf8 Kxf8 36. Bxe6 d4 37. cxd4 Bxd4 38. Bc8 a5 39. a3 axb4 40. axb4 b6 41. c6 Be5 42. Kc2 Ke7 43. Kd3 Kd6 44. Bd7 h5 45. Kc4 g5 46. Kb5 Kc7 47. Be8 g4 48. hxg4 hxg4 49. Bg6 g3 50. Be4 Bd4 51. Bg2 Bf2 52. Kc4 Be1 53. Kb3 Kd6 54. Kc4 Kc7 55. Kb5 Bd2 56. Kc4 Be1 1/2-1/2


[Site "https://www.chess.com"]

[Event "Titled Tuesday Blitz February 28 Early 2023"]
[White "Pakleza, Zbigniew"]
[Black "Roebers, Eline"]
[WhiteFideId "1119290"]
[BlackFideId "1058401"]
[WhiteElo "2410"]
[BlackElo "2560"]
[Result "1-0"]
[Round "08"]
[TimeControl "180+2"]
[Date "2023.02.28"]
[WhiteClock "0:00:03"]
[BlackClock "0:00:05"]

1. d4 f5 2. Nf3 Nf6 3. c4 g6 4. Nc3 Bg7 5. e3 O-O 6. Be2 d6 7. b4 Qe8 8. O-O e5 9. a4 e4 10. Nd2 c6 11. Ba3 d5 12. b5 Rf7 13. bxc6 bxc6 14. cxd5 cxd5 15. Nb5 Rd7 16. Rc1 Qd8 17. Nb3 Na6 18. Qc2 Bb7 19. Qd2 g5 20. Na5 Bh6 21. Nxb7 Rxb7 22. Nd6 Rb3 23. Nxf5 Rxa3 24. Nxh6+ Kg7 25. Nf5+ Kg6 26. g4 Rxa4 27. Bb5 Ra5 28. Bc6 Rb8 29. Rb1 Nxg4 30. Ne7+ Qxe7 31. h3 Rxb1 32. Rxb1 Ra3 33. hxg4 Qe6 34. Bb5 Qxg4+ 35. Kf1 Nc7 36. Be2 Qh3+ 37. Kg1 Qd7 38. Qc1 Ne6 39. Qxa3 1-0


[Site "https://www.chess.com"]

[Event "Titled Tuesday Blitz February 28 Early 2023"]
[White "Kopczynski, Michal"]
[Black "Nur, Shahidee Bin Saharan"]
[WhiteFideId "1124200"]
[BlackFideId "5810973"]
[WhiteElo "2212"]
[BlackElo "2741"]
[Result "0-1"]
[Round "08"]
[TimeControl "180+2"]
[Date "2023.02.28"]
[WhiteClock "0:00:07"]
[BlackClock "0:00:34"]

1. e4 c5 2. d4 e6 3. f4 cxd4 4. c3 d5 5. e5 dxc3 6. Nxc3 Nc6 7. Nf3 Bc5 8. Bd3 Nge7 9. Qe2 Ng6 10. Bd2 a6 11. O-O-O b5 12. f5 exf5 13. e6 fxe6 14. Bxf5 Qf6 15. Nxd5 Qxf5 16. Nc7+ Kf8 17. Nxa8 Kg8 18. Rhf1 h6 19. Nh4 Nd4 20. Nxf5 Nxe2+ 21. Kb1 exf5 22. Rfe1 Nd4 23. Re8+ Kh7 24. Nc7 Rxe8 25. Nxe8 Bb7 26. g3 Be4+ 27. Ka1 Nc2+ 28. Kb1 Ne3+ 29. Kc1 Nxd1 30. Kxd1 Ne5 31. Nc7 Nd3 32. Nxa6 Nxb2+ 33. Ke2 Bd4 34. Nc7 Bd3+ 35. Kf3 Nc4 36. Bb4 Ne5+ 37. Kf4 g5# 0-1


[Site "https://www.chess.com"]

[Event "Titled Tuesday Blitz February 28 Early 2023"]
[White "Jimenez Almeida, Luis David"]
[Black "Goltsev, Dmitry"]
[WhiteFideId "22242244"]
[BlackFideId "24176710"]
[WhiteElo "2245"]
[BlackElo "2302"]
[Result "1/2-1/2"]
[Round "08"]
[TimeControl "180+2"]
[Date "2023.02.28"]
[WhiteClock "0:00:08"]
[BlackClock "0:01:09"]

1. e4 e6 2. d4 d5 3. e5 c5 4. c3 Nc6 5. Nf3 cxd4 6. cxd4 Nge7 7. Bd3 Nf5 8. Bxf5 exf5 9. Nc3 Be6 10. a3 Be7 11. O-O g5 12. b4 g4 13. Ne1 a6 14. Bf4 h5 15. Qd2 h4 16. Rc1 Rc8 17. Nc2 h3 18. g3 Nb8 19. Na4 Nd7 20. Nc5 Rb8 21. Ne3 Nb6 22. Qd3 Rh5 23. a4 Nc4 24. a5 Bxc5 25. dxc5 Qd7 26. Rfe1 Rd8 27. Nc2 Kf8 28. Nd4 Kg8 29. Qb3 Kh7 30. b5 Kg6 31. c6 bxc6 32. bxc6 Qc7 33. Qd3 Nxa5 34. f3 Kg7 35. fxg4 fxg4 36. Qxa6 Nc4 37. Rb1 Qe7 38. Nxe6+ Qxe6 39. c7 Rc8 40. Qxe6 fxe6 41. Rb7 Kg6 42. Ra1 Rh7 43. Ra6 Kf5 44. Rc6 Nxe5 45. Bxe5 Kxe5 46. Kf2 Rd7 47. Rbb6 Rf7+ 48. Ke2 Re7 49. Rb7 Kf6 50. Kd3 Kf7 51. Kd4 Ke8 52. Ke5 Kd7 53. Rd6+ Ke8 54. Rc6 Rd7 55. Rxe6+ Kf7 56. Rf6+ Ke7 57. Re6+ Kf7 58. Rf6+ Kg7 59. Rc6 d4 60. Rd6 Re7+ 61. Kxd4 Rcxc7 62. Rxc7 Rxc7 63. Ke4 Rf7 64. Rd5 Kg6 65. Rd6+ Kg7 66. Rd5 Rf2 67. Rg5+ Kf6 68. Rxg4 Rxh2 69. Rh4 Kg5 70. Kf3 Rh1 71. Kf2 Kf5 72. Rh8 Ke4 73. Re8+ Kf5 74. Rf8+ Kg6 75. Rh8 Rh2+ 76. Kf3 Kg7 77. Rh4 Kf7 78. g4 Kg6 79. Kg3 Ra2 80. Rxh3 Kg5 81. Rh5+ Kg6 82. Kh4 Rh2+ 83. Kg3 Rxh5 84. gxh5+ Kxh5 1/2-1/2


[Site "https://www.chess.com"]

[Event "Titled Tuesday Blitz February 28 Early 2023"]
[White "Iskusnyh, Sergei"]
[Black "Garakov, Mikhael"]
[WhiteFideId "4120027"]
[BlackFideId "4169034"]
[WhiteElo "2492"]
[BlackElo "2347"]
[Result "1-0"]
[Round "08"]
[TimeControl "180+2"]
[Date "2023.02.28"]
[WhiteClock "0:00:33"]
[BlackClock "0:00:06"]

1. d4 Nf6 2. c4 c5 3. d5 e6 4. Nc3 exd5 5. cxd5 d6 6. Nf3 g6 7. Nd2 Bg7 8. e4 O-O 9. Be2 Re8 10. O-O a6 11. a4 Nbd7 12. h3 Rb8 13. Ra3 Qc7 14. a5 g5 15. Qc2 Ne5 16. Nc4 Nxc4 17. Bxc4 g4 18. hxg4 Nxg4 19. Ne2 f5 20. exf5 Qf7 21. Ng3 Bd4 22. Be2 Qg7 23. Nh5 Bxf5 24. Qxf5 Nh6 25. Nxg7 Nxf5 26. Nxf5 Rxe2 27. Rg3+ Kf7 28. Be3 Be5 29. f4 Bxb2 30. Nxd6+ Kf6 31. Nc4 Bd4 32. Bxd4+ cxd4 33. d6 Rc2 34. Ne5 Rd8 35. d7 Kf5 36. Rg5+ Ke4 37. Rg7 d3 38. Re7 1-0


[Site "https://www.chess.com"]

[Event "Titled Tuesday Blitz February 28 Early 2023"]
[White "Aydincelebi, Kagan"]
[Black "Mayank Chakraborty"]
[WhiteFideId "6361102"]
[BlackFideId "25659766"]
[WhiteElo "2180"]
[BlackElo "2103"]
[Result "1-0"]
[Round "08"]
[TimeControl "180+2"]
[Date "2023.02.28"]
[WhiteClock "0:00:58"]
[BlackClock "0:00:06"]

1. e4 c5 2. Nf3 d6 3. Bb5+ Nd7 4. O-O Nf6 5. Re1 a6 6. Bf1 g6 7. c3 Bg7 8. d4 cxd4 9. cxd4 O-O 10. Nc3 e5 11. h3 exd4 12. Nxd4 Ne5 13. Bg5 h6 14. Bh4 g5 15. Bg3 g4 16. hxg4 Bxg4 17. Qd2 Nh5 18. Bh2 Qh4 19. Nd5 Rae8 20. Ne3 Bd7 21. Nef5 Qg4 22. Nxh6+ Bxh6 23. Qxh6 Ng7 24. Qxd6 f6 25. Be2 Qh4 26. Bg3 Qxe4 27. Bxe5 Qh4 28. Bc4+ Kh8 29. Bg3 Rxe1+ 30. Rxe1 Qg4 31. Qxf8+ Kh7 32. Qxf6 Nf5 33. Nxf5 Bxf5 34. Re7+ Qg7 35. Qxg7# 1-0


[Site "https://www.chess.com"]

[Event "Titled Tuesday Blitz February 28 Early 2023"]
[White "Turzo, Attila"]
[Black "Srihari L R"]
[WhiteFideId "704954"]
[BlackFideId "46617116"]
[WhiteElo "2541"]
[BlackElo "2334"]
[Result "0-1"]
[Round "08"]
[TimeControl "180+2"]
[Date "2023.02.28"]
[WhiteClock "0:00:01"]
[BlackClock "0:00:16"]

1. e4 g6 2. d4 Bg7 3. c3 d6 4. Nf3 Nf6 5. Bd3 O-O 6. O-O Nc6 7. Bg5 h6 8. Bh4 e5 9. dxe5 dxe5 10. Qc2 Qe8 11. Bxf6 Bxf6 12. Nbd2 Bg7 13. Rfe1 Be6 14. a4 a5 15. Bc4 Bd7 16. Bb5 g5 17. Nc4 Kh7 18. Ne3 Ne7 19. Bxd7 Qxd7 20. Nd2 Rad8 21. Ndf1 Ng6 22. Nf5 Rfe8 23. g3 Bf8 24. Kg2 Qc6 25. f3 Rd7 26. Red1 Red8 27. Rxd7 Qxd7 28. N5e3 Qc6 29. Rd1 Rxd1 30. Qxd1 Bd6 31. Qb3 Kg8 32. Nf5 Bf8 33. N1e3 b6 34. Ng4 Qe6 35. Ngxh6+ Kh7 36. Qxe6 fxe6 37. Nf7 exf5 38. Nxg5+ Kh6 39. Ne6 fxe4 40. fxe4 Bd6 41. Kf3 Ne7 42. h4 Kg6 43. Kg4 Kf6 44. Ng5 Ng6 45. h5 Nf8 46. Nf3 Ne6 47. Kh4 Nc5 48. Nd2 Nxa4 49. g4 Nxb2 50. g5+ Kf7 51. Kg4 a4 52. Kf5 a3 53. g6+ Kg7 54. Kg5 Be7+ 55. Kf5 a2 56. Nb3 Nc4 57. Ke6 Bd6 0-1


[Site "https://www.chess.com"]

[Event "Titled Tuesday Blitz February 28 Early 2023"]
[White "Averjanov, Alexey"]
[Black "Romero Barreto, Jaime Jose"]
[WhiteFideId "14109867"]
[BlackFideId "3902498"]
[WhiteElo "2658"]
[BlackElo "2313"]
[Result "1-0"]
[Round "08"]
[TimeControl "180+2"]
[Date "2023.02.28"]
[WhiteClock "0:01:00"]
[BlackClock "0:00:01"]

1. d4 Nf6 2. c4 d6 3. Nf3 g6 4. Nc3 Bg7 5. e4 O-O 6. Be2 e5 7. O-O exd4 8. Nxd4 Nc6 9. Be3 Re8 10. f3 Nh5 11. Qd2 Nf4 12. Rfd1 Qg5 13. Bxf4 Bxd4+ 14. Qxd4 Qxf4 15. Qd2 Qxd2 16. Rxd2 Be6 17. Rc1 b6 18. Nd5 Rac8 19. Nf6+ Kg7 20. Nxe8+ Rxe8 21. Kf2 Kf6 22. b3 Ke7 23. Rcd1 a5 24. f4 f6 25. Bf3 Nb4 26. a3 Na6 27. g3 Nc5 28. b4 axb4 29. axb4 Nb3 30. Rc2 c5 31. bxc5 bxc5 32. Rb1 Nd4 33. Rc3 Ra8 34. Rb7+ Bd7 35. Rb2 Bc6 36. Ke3 Ra1 37. Kf2 h5 38. h4 Ke6 39. Bg2 Ke7 40. Rd2 Rb1 41. Ra3 Rc1 42. Ra7+ Bd7 43. Bh3 f5 44. exf5 Nxf5 45. Bxf5 gxf5 46. Re2+ Kd8 47. Ra8+ Kc7 48. Re7 Rc2+ 49. Ke3 Rc3+ 50. Kd2 Rxg3 51. Ra7+ Kc6 52. Raxd7 Rg2+ 53. Ke3 Rg3+ 54. Kf2 Rc3 55. Ra7 Kb6 56. Reb7+ Kc6 57. Rf7 Rxc4 58. Rxf5 Rd4 59. Rxh5 c4 60. Ra6+ Kd7 61. f5 c3 62. Rh7+ 1-0


[Site "https://www.chess.com"]

[Event "Titled Tuesday Blitz February 28 Early 2023"]
[White "Weetik, Vjacheslav"]
[Black "Reprintsev, Alexander"]
[WhiteFideId "4153472"]
[BlackFideId "14100541"]
[WhiteElo "2469"]
[BlackElo "2250"]
[Result "1-0"]
[Round "08"]
[TimeControl "180+2"]
[Date "2023.02.28"]
[WhiteClock "0:00:05"]
[BlackClock "0:00:06"]

1. d4 d5 2. c4 e5 3. e3 exd4 4. exd4 Nf6 5. Nf3 Nc6 6. Nc3 Bb4 7. Bd3 dxc4 8. Bxc4 Qe7+ 9. Be3 Ng4 10. O-O Bxc3 11. Bg5 f6 12. bxc3 Qd6 13. Re1+ Kf8 14. Bc1 Bf5 15. a4 Na5 16. Ba3 Nxc4 17. Bxd6+ Nxd6 18. Qb3 Bg6 19. c4 Bf7 20. d5 b6 21. a5 Rc8 22. axb6 axb6 23. Nd4 Ne5 24. Rac1 g6 25. f4 Nd7 26. Qg3 Nc5 27. f5 Kg7 28. Re7 Rhe8 29. Rce1 Rxe7 30. Rxe7 Re8 31. Rxe8 Bxe8 32. Ne6+ Nxe6 33. fxe6 Kf8 34. Qa3 Ke7 35. c5 bxc5 36. Qxc5 Kd8 37. Qc3 Ne4 38. Qd4 f5 39. Qh8 h5 40. Qg7 Nd6 41. Qf6+ Kc8 42. Qe7 Kb7 43. Kf2 Kb6 44. Ke3 Kc5 45. Qxc7+ Kxd5 46. e7 g5 47. h4 f4+ 48. Kf2 g4 49. Qd8 Ke6 50. Kg1 Bf7 51. Qf8 Kf6 52. Kf2 Ke6 53. Qh6+ Kxe7 54. Qxf4 Be8 55. Qb4 Kd7 56. Kg3 Ke6 57. Kf4 Nf7 58. Qb6+ Ke7 59. g3 Kf8 60. Qc5+ Kg7 61. Qe7 Bc6 62. Kf5 Bf3 63. Qf6+ Kf8 64. Kg6 Be4+ 65. Kxh5 Bf3 66. Kg6 Be4+ 67. Kh5 Bf3 68. Qf4 Kg7 69. Qd4+ Kg8 70. Kg6 Nh8+ 71. Kf6 Kh7 72. Qd7+ 1-0


[Site "https://www.chess.com"]

[Event "Titled Tuesday Blitz February 28 Early 2023"]
[White "Jaskolka, Tomasz"]
[Black "Dehtiarov, Roman"]
[WhiteFideId "1170791"]
[BlackFideId "14186640"]
[WhiteElo "2155"]
[BlackElo "2162"]
[Result "0-1"]
[Round "08"]
[TimeControl "180+2"]
[Date "2023.02.28"]
[WhiteClock "0:00:02"]
[BlackClock "0:00:03"]

1. d4 Nf6 2. c4 e6 3. g3 d5 4. Bg2 c6 5. Nf3 Be7 6. O-O O-O 7. Nc3 a6 8. c5 Nbd7 9. Qb3 Re8 10. Bg5 h6 11. Bxf6 Bxf6 12. e3 e5 13. Na4 exd4 14. exd4 Nf8 15. Nb6 Rb8 16. Rfe1 Bf5 17. Qc3 Ne6 18. Ne5 Re7 19. Rad1 Qc7 20. f4 Rd8 21. b4 Nf8 22. a4 Rde8 23. b5 axb5 24. axb5 g6 25. bxc6 bxc6 26. Bxd5 Bxe5 27. fxe5 cxd5 28. Nxd5 Qa7 29. Nf6+ Kh8 30. Nxe8 Rxe8 31. d5 Kg8 32. Ra1 Qb7 33. c6 Qb6+ 34. Qe3 Qb5 35. Red1 Rd8 36. Qd4 Be6 37. c7 Rxd5 38. Qxd5 Bxd5 39. c8=Q Qb6+ 40. Kf1 Be6 41. Qc2 Qe3 42. Qe2 Bh3+ 43. Ke1 Qc3+ 44. Qd2 Qxe5+ 45. Kf2 Ne6 46. Re1 Qf5+ 47. Kg1 Ng5 48. Qf4 Qc5+ 49. Qe3 Qd5 50. Kf2 Qg2# 0-1


[Site "https://www.chess.com"]

[Event "Titled Tuesday Blitz February 28 Early 2023"]
[White "Ilkhomi, Jaloliddin"]
[Black "Starozhilov, Leonid"]
[WhiteFideId "14700948"]
[BlackFideId "14106752"]
[WhiteElo "2045"]
[BlackElo "2414"]
[Result "1/2-1/2"]
[Round "08"]
[TimeControl "180+2"]
[Date "2023.02.28"]
[WhiteClock "0:00:24"]
[BlackClock "0:00:04"]

1. Nf3 Nf6 2. c4 g6 3. Nc3 Bg7 4. e4 d6 5. d4 Bg4 6. Be2 O-O 7. h3 Bxf3 8. Bxf3 Nc6 9. Be3 e5 10. d5 Nd4 11. O-O Nd7 12. b4 a5 13. a3 axb4 14. axb4 Rxa1 15. Qxa1 Nxf3+ 16. gxf3 Qh4 17. Kh2 f5 18. Qc1 fxe4 19. Nxe4 Rxf3 20. Ng3 Qf6 21. Kg2 Qf8 22. c5 Rf7 23. c6 bxc6 24. dxc6 Nf6 25. b5 d5 26. Bc5 Qc8 27. b6 cxb6 28. Bxb6 h5 29. c7 h4 30. Ne2 Ne8 31. Qc6 Nxc7 32. Bxc7 Qxc7 33. Qxd5 Qe7 34. Qe4 Kh7 35. Rg1 Qg5+ 36. Qg4 Bh6 37. Qxg5 Bxg5 38. Rb1 e4 39. Rb5 e3 40. f3 Kh6 41. Re5 Rf5 42. Re8 Rd5 43. f4 Bf6 44. Kf3 Rd8 45. Rxe3 Kg7 46. Nc3 Bxc3 47. Rxc3 Rd1 48. Kg4 Rg1+ 49. Kxh4 Kh6 50. Rc8 Kh7 51. Rf8 Kg7 52. Ra8 Kh6 53. Ra5 Kh7 54. f5 gxf5 55. Rxf5 Kh6 56. Rf6+ Kg7 57. Ra6 Kh7 58. Kh5 Kg7 59. Ra7+ Kg8 60. h4 Rg7 61. Ra8+ Kh7 62. Ra6 Rb7 63. Rh6+ Kg7 64. Rg6+ Kh7 65. Rc6 Ra7 66. Kg4 Rg7+ 67. Kh5 Ra7 68. Rc5 Rb7 69. Kg5 Rg7+ 70. Kf6 Ra7 71. h5 Kh6 72. Rd5 Rb7 73. Ra5 Rb6+ 74. Kf5 Rb7 75. Ra8 Kh7 76. Kg5 Rg7+ 77. Kf6 Rb7 78. Ra6 Rc7 79. h6 Rb7 80. Ra1 Rb6+ 81. Kf5 Rxh6 82. Ra7+ Kg8 83. Kg5 Rc6 84. Ra8+ Kf7 85. Kf5 Ke7 86. Ke5 Re6+ 87. Kd5 Rh6 88. Ra7+ Kf6 89. Ke4 Kg5 90. Ra5+ Kg6 91. Ra1 Rh4+ 92. Ke5 Rg4 93. Ra8 Rb4 94. Rg8+ Kf7 95. Rg3 Rb5+ 96. Kd6 Rf5 97. Ra3 Rf6+ 98. Ke5 Rf1 99. Ra7+ Kg6 100. Ke4 Kf6 101. Ra6+ Kf7 102. Ra8 Re1+ 103. Kf5 Rf1+ 104. Ke5 Re1+ 105. Kd5 Rd1+ 106. Ke4 Re1+ 107. Kd3 Rd1+ 108. Ke2 Rd4 109. Ra3 Rb4 110. Kf3 Ke6 111. Ra5 Kd6 112. Ke3 Kc6 113. Rh5 Kd6 114. Kd3 Ke6 115. Rh6+ Kf5 116. Ra6 Rh4 117. Ra8 Ke6 118. Re8+ Kd7 119. Rg8 Kd6 120. Ke3 Ra4 121. Rb8 Kc7 122. Rb3 Kd6 123. Kd3 Rh4 124. Rb8 Kc7 125. Rg8 Kc6 126. Ke3 Kd5 127. Rg5+ Ke6 128. Rb5 Kd6 129. Kf3 Kc6 130. Kg3 Kxb5 131. Kxh4 1/2-1/2


[Site "https://www.chess.com"]

[Event "Titled Tuesday Blitz February 28 Early 2023"]
[White "Derjabin, Ilja"]
[Black "Sadubayev, Airat"]
[WhiteFideId "14104768"]
[BlackFideId "13713264"]
[WhiteElo "2309"]
[BlackElo "2101"]
[Result "0-1"]
[Round "08"]
[TimeControl "180+2"]
[Date "2023.02.28"]
[WhiteClock "0:00:47"]
[BlackClock "0:02:19"]

1. d4 d5 2. c4 e6 3. Nc3 c5 4. Nf3 Nc6 5. cxd5 exd5 6. g3 Nf6 7. Bg2 cxd4 8. Nxd4 Bc5 9. Nb3 Bb6 10. O-O d4 11. Na4 O-O 12. Bg5 h6 13. Nxb6 axb6 14. Bxf6 Qxf6 15. Bxc6 bxc6 16. Qxd4 Rd8 17. Qxf6 gxf6 18. a4 Be6 19. Ra3 Bc4 20. Re1 b5 21. e3 b4 0-1


[Site "https://www.chess.com"]

[Event "Titled Tuesday Blitz February 28 Early 2023"]
[White "Skvortsov, Andrei"]
[Black "Martin Carmona, Gaston Manuel"]
[WhiteFideId "24108600"]
[BlackFideId "22284567"]
[WhiteElo "2259"]
[BlackElo "2245"]
[Result "1-0"]
[Round "08"]
[TimeControl "180+2"]
[Date "2023.02.28"]
[WhiteClock "0:00:20"]
[BlackClock "0:00:02"]

1. e4 c5 2. Ne2 d6 3. g3 g6 4. Bg2 Bg7 5. c3 Nc6 6. d4 cxd4 7. cxd4 e5 8. d5 Nb8 9. O-O Ne7 10. a4 O-O 11. Na3 Na6 12. Nc4 f5 13. f3 Nb4 14. a5 Qc7 15. Qb3 Na6 16. Be3 fxe4 17. fxe4 Bg4 18. Nc3 Nc5 19. Qb4 b6 20. axb6 axb6 21. Rxa8 Rxa8 22. Qxb6 Qxb6 23. Nxb6 Rb8 24. Nc4 Nb7 25. Nb5 Nc8 26. Ra1 Be2 27. b3 Bf8 28. Bf1 Bxc4 29. bxc4 Be7 30. Ra6 Nc5 31. Bxc5 dxc5 32. Bh3 Nb6 33. Bf1 Kf7 34. d6 Bd8 35. Ra7+ Kf6 36. Rxh7 Ra8 37. Rh8 Kg7 38. Re8 Kf7 39. Rxe5 Ra1 40. Kg2 Ra2+ 41. Kh3 Nd7 42. Rd5 Bf6 43. Rd1 Ne5 44. Nc3 Rc2 45. Nd5 Bd8 46. Ne3 Rc3 47. Ng4 Nf3 48. Rd3 Ng5+ 49. Kg2 Nxe4 50. Rxc3 Nxc3 51. Bd3 Na4 52. Ne5+ Ke6 53. Nxg6 Kxd6 54. Nf4 Nb2 55. Kf3 Bg5 56. Be2 Ke5 57. h4 Na4 58. hxg5 1-0


[Site "https://www.chess.com"]

[Event "Titled Tuesday Blitz February 28 Early 2023"]
[White "Real_taiatai"]
[Black "Orlov, Georgi"]
[BlackFideId "2011271"]
[WhiteElo "2527"]
[BlackElo "2636"]
[Result "0-1"]
[Round "08"]
[TimeControl "180+2"]
[Date "2023.02.28"]
[WhiteClock "0:00:05"]
[BlackClock "0:01:01"]

1. d4 Nf6 2. c4 Nc6 3. Nf3 e6 4. Nc3 Bb4 5. Bd2 O-O 6. Qc2 d6 7. a3 Bxc3 8. Bxc3 Qe7 9. e3 e5 10. Be2 Bg4 11. h3 Bxf3 12. gxf3 exd4 13. exd4 Rfe8 14. Rd1 Nh5 15. Rd2 Nf4 16. Kd1 Qh4 17. Bd3 Qh5 18. Be4 f5 19. Bxc6 bxc6 20. Kc1 Qxf3 21. Rg1 Ne2+ 22. Rxe2 Rxe2 23. Qa4 Qxf2 24. Rd1 Qe3+ 25. Kb1 Qe4+ 26. Ka1 Qc2 27. Qxc2 Rxc2 28. Re1 Kf7 29. Rg1 g6 30. d5 cxd5 31. cxd5 Rb8 32. Rd1 Rb5 33. Rd4 Rc5 34. Rh4 h5 35. Ra4 R2xc3 36. bxc3 a5 37. Kb2 Rxd5 38. Rc4 Rc5 39. Rf4 g5 40. Rf1 g4 41. h4 Kf6 42. Kc2 Rc4 43. Kd3 d5 44. Rb1 f4 45. Rb8 f3 46. Rd8 Ke6 47. Rf8 Re4 48. Re8+ Kd6 49. Rf8 c5 50. Rf5 c4+ 51. Kd2 Re2+ 52. Kd1 Re5 53. Rf6+ Kc5 54. Rf8 Kb5 55. Kc2 Ka4 56. Ra8 Re2+ 57. Kb1 f2 58. Rb8 f1=Q# 0-1


[Site "https://www.chess.com"]

[Event "Titled Tuesday Blitz February 28 Early 2023"]
[White "Yaniuk, Volodymyr"]
[Black "Gauri, Shankar"]
[WhiteFideId "14133083"]
[BlackFideId "5041350"]
[WhiteElo "2141"]
[BlackElo "2240"]
[Result "0-1"]
[Round "08"]
[TimeControl "180+2"]
[Date "2023.02.28"]
[WhiteClock "0:00:02"]
[BlackClock "0:00:05"]

1. d4 Nf6 2. c4 e6 3. g3 Bb4+ 4. Bd2 Qe7 5. Bg2 Nc6 6. e3 Bxd2+ 7. Qxd2 d6 8. Nc3 O-O 9. Nge2 e5 10. Nd5 Qd8 11. O-O Bf5 12. Rac1 Ne4 13. Qd1 exd4 14. Nxd4 Bg6 15. Nf4 Re8 16. Nxg6 hxg6 17. Nxc6 bxc6 18. b4 Qf6 19. Qd3 Qf5 20. Rc2 Rab8 21. a3 c5 22. b5 Nxg3 23. Qxf5 Nxf5 24. a4 g5 25. a5 g6 26. Rd1 Kg7 27. Rb2 Kf6 28. Rd5 Ke7 29. Be4 Ng7 30. Rxg5 Kf6 31. Rg4 Rh8 32. Bd5 Ke7 33. Re4+ Kf8 34. Rf4 f5 35. e4 Ke7 36. exf5 gxf5 37. Re2+ Kf6 38. Rf3 Rh4 39. Rfe3 Rg4+ 40. Kf1 Rh8 41. Re7 Rxh2 42. Rf7+ Kg6 43. Ree7 Nh5 44. Rxc7 Rd4 45. Rfd7 Rd1+ 46. Ke2 Ra1 47. Rxd6+ Kg5 48. Rd8 Ra2+ 49. Kf1 Ra1+ 50. Ke2 Nf4+ 51. Kd2 Rxf2+ 52. Ke3 Re2+ 53. Kf3 Ra3# 0-1


[Site "https://www.chess.com"]

[Event "Titled Tuesday Blitz February 28 Early 2023"]
[White "Kim, Sergey"]
[Black "Degenbaev, Aziz"]
[WhiteFideId "13700570"]
[BlackFideId "13802640"]
[WhiteElo "2628"]
[BlackElo "2152"]
[Result "1-0"]
[Round "08"]
[TimeControl "180+2"]
[Date "2023.02.28"]
[WhiteClock "0:02:30"]
[BlackClock "0:01:09"]

1. d4 Nf6 2. c4 g6 3. Nc3 Bg7 4. e4 d6 5. Nge2 O-O 6. Ng3 c5 7. d5 e6 8. Be2 exd5 9. cxd5 Re8 10. O-O a6 11. a4 Nbd7 12. Bf4 Ne5 13. Qd2 Rb8 14. Bh6 Bd7 15. Bxg7 Kxg7 16. h3 b5 17. f4 Nc4 18. Bxc4 bxc4 19. Rae1 Qb6 20. e5 Ng8 21. Re2 Ne7 22. e6 fxe6 23. dxe6 Bc8 24. f5 Rf8 25. Qg5 Nc6 26. e7 Re8 27. fxg6 hxg6 28. Nh5+ 1-0


[Site "https://www.chess.com"]

[Event "Titled Tuesday Blitz February 28 Early 2023"]
[White "Manukyan, Sargis A."]
[Black "Kuzmin, Roman"]
[WhiteFideId "13303970"]
[BlackFideId "44134932"]
[WhiteElo "2187"]
[BlackElo "2146"]
[Result "0-1"]
[Round "08"]
[TimeControl "180+2"]
[Date "2023.02.28"]
[WhiteClock "0:00:15"]
[BlackClock "0:00:41"]

1. d4 d5 2. c4 e6 3. Nc3 Nf6 4. Nf3 Nbd7 5. Bg5 c6 6. e3 Qa5 7. cxd5 exd5 8. Bd3 Ne4 9. Qc2 Nxg5 10. Nxg5 h6 11. Nf3 Nf6 12. O-O Bd6 13. a3 Bg4 14. Nd2 Qc7 15. h3 Bd7 16. b4 a6 17. Bf5 g6 18. Bxg6 Bxh3 19. Bf5 Bg4 20. Bxg4 Nxg4 21. Nf3 O-O-O 22. Rab1 Rdg8 23. a4 Rg5 24. Nxg5 Bh2+ 25. Kh1 hxg5 26. Qf5+ Kb8 27. g3 Bxg3+ 28. Kg1 Bxf2+ 29. Rxf2 Qg3+ 30. Kf1 Rh1+ 31. Ke2 Qxe3# 0-1


[Site "https://www.chess.com"]

[Event "Titled Tuesday Blitz February 28 Early 2023"]
[White "Sokac, Marko"]
[Black "Domingo Nunez, Ruben"]
[WhiteFideId "14531356"]
[BlackFideId "22245570"]
[WhiteElo "2355"]
[BlackElo "2404"]
[Result "0-1"]
[Round "08"]
[TimeControl "180+2"]
[Date "2023.02.28"]
[WhiteClock "0:00:04"]
[BlackClock "0:00:33"]

1. e4 g6 2. h4 Bg7 3. h5 d5 4. exd5 Qxd5 5. Nc3 Qe5+ 6. Nge2 Nc6 7. d4 Nxd4 8. Qxd4 Qxd4 9. Nxd4 Bxd4 10. Nb5 Be5 11. hxg6 fxg6 12. Bc4 a6 13. Nc3 Nf6 14. Bd2 Bf5 15. O-O-O b5 16. Bb3 c5 17. Bd5 Rd8 18. Bb7 Rd6 19. Be3 Bd4 20. Ne2 Bxe3+ 21. fxe3 Rb6 22. Bf3 Kf7 23. Ng3 Be6 24. e4 Nd7 25. Ne2 Ne5 26. Nf4 Rd6 27. Rdf1 Kg7 28. Be2 Rf8 29. Nxe6+ Rxe6 30. Rxh7+ Kxh7 31. Rxf8 Nd7 32. Rf4 g5 33. Bg4 gxf4 34. Bxe6 Nf6 35. Bf5+ Kh6 36. Kd2 Kg5 37. Kd3 Kh4 38. Bh3 Ng4 39. Ke2 Ne5 40. b3 Kg3 0-1


[Site "https://www.chess.com"]